 Dungeon Crawl Stone Soup version 0.18-a0-1577-gf591c28 (webtiles) character file.

99 M4edhros the Sneak (level 4, -1/28 HPs)
             Began as an Octopode Artificer on Mar 24, 2016.
             Slain by a goblin
             ... wielding a +0 club
             ... led by Robin
              (2 damage)
             ... on level 3 of the Dungeon.
             The game lasted 00:02:38 (1641 turns).

M4edhros the Sneak (Octopode Artificer)             Turns: 1641, Time: 00:02:38

Health: -1/28      AC:  1    Str: 10    XL:     4   Next: 72%
Magic:  6/6        EV: 12    Int: 14    God:
Gold:   95         SH:  3    Dex: 13    Spells: 0 memorised, 3 levels left

rFire  . . .     SeeInvis .     n - +0 dagger (venom)
rCold  . . .     Gourm    .     o - +0 buckler
rNeg   . . .     Faith    .     (helmet restricted)
rPois  .         Spirit   .     (no amulet)
rElec  .         Dismiss  .     (no ring)
rCorr  .         Reflect  .     (no ring)
SustAt .         Harm     .     (no ring)
MR     .....                    (no ring)
Stlth  ++++......               (no ring)
                                (no ring)
                                (no ring)
                                (no ring)

@: not resistant to hostile enchantments, stealthy
A: almost no armour, amphibious, 8 rings, constrict 8, camouflage 1, gelatinous
body 1
a: no special abilities


You were on level 3 of the Dungeon.
You were not hungry.

You visited 1 branch of the dungeon, and saw 3 of its levels.

You collected 95 gold pieces.

Inventory:

Hand Weapons
 a - a +0 short sword
 n - a +0 dagger of venom (weapon)
Missiles
 e - 20 stones (quivered)
Armour
 o - a +0 buckler (worn)
Jewellery
 q - an uncursed ring of poison resistance {unknown}
Wands
 b - a wand of flame (11/48)
 c - a wand of enslavement (14/24)
 d - a wand of random effects (15/48)
Scrolls
 g - 2 scrolls of recharging {unknown}
 h - a scroll of enchant weapon {unknown}
 i - 2 scrolls of remove curse {unknown}
 k - 2 scrolls of magic mapping {unknown}
 m - a scroll of immolation {unknown}
 p - a scroll of fog {unknown}
Potions
 l - a potion of flight {unknown}
 r - a potion of cure mutation {unknown}
 s - a potion of resistance {unknown}
 t - a potion of mutation {unknown}
 v - a potion of agility {unknown}
Comestibles
 f - 2 bread rations
 j - 2 meat rations
 u - 5 chunks of flesh


   Skills:
 - Level 1.0 Fighting
 - Level 1.0 Short Blades
 + Level 3.1 Dodging
 * Level 5.1 Stealth
 - Level 3.2 Evocations


You had 3 spell levels left.
You didn't know any spells.

Dungeon Overview and Level Annotations

Branches:
Dungeon (3/15)

Altars:
Nemelex Xobeh
Okawaru
Ru
Zin

Annotations:
D:3 Ijyb, Robin


Innate Abilities, Weirdness & Mutations

You cannot wear most types of armour.
You are amphibious.
You can wear up to eight rings at the same time.
You can use your tentacles to constrict eight enemies at once.
Your skin changes colour to match your surroundings (Stealth).
Your rubbery body absorbs attacks (AC +1).


Message History

The hobgoblin hits you with a club! The goblin hits you with a dagger.
The goblin closely misses you.
Robin roars a battlecry!
The goblins go into a battle-frenzy!
You hit the goblin but do no damage.
The goblin is poisoned.
The goblin is moderately wounded.
You constrict the goblin. The giant newt misses you.
The goblin hits you with a dagger. The goblin barely misses you.
The goblin hits you with a club.
* * * LOW HITPOINT WARNING * * *
The hobgoblin closely misses you. The goblin hits you but does no damage.
Drink which item? (? for menu, Esc to quit)
Okay, then.
You release your grip on the goblin.
The giant newt bites you.
* * * LOW HITPOINT WARNING * * *
The goblin closely misses you. Robin throws the goblin at you!
The goblin barely misses you. The goblin hits you with a dagger.
* * * LOW HITPOINT WARNING * * *
The goblin hits you with a club.
You die...

... #..# .# #. ### #..##.#
#. #..##.# #.# #..##.# (..
#..##.# #..#####
#..##.#### #.#.. ..
#.######..#.....###.#.####
....ggggl@................
#..g.ggg............####
......g.g.......###.###
#.#....gg#......###.#
#...................#
###(.....#.##########
#......#.# #......#.#
######.#g#


You could see Ijyb, Robin, 3 hobgoblins, 7 goblins and a giant newt.

Vanquished Creatures
  2 gnolls (D:3)
  2 adders (D:2)
  3 dart slugs
  3 giant geckos
  2 orcs (D:3)
  A ball python (D:1)
  2 giant cockroaches
  6 goblins
  7 hobgoblins
  2 jackals (D:1)
  4 kobolds
  A quokka (D:2)
  6 bats
  2 giant newts
  9 rats
52 creatures vanquished.

Vanquished Creatures (others)
  A gnoll (D:3)
1 creature vanquished.

Grand Total: 53 creatures vanquished

Notes
Turn   | Place    | Note
--------------------------------------------------------------
     0 | D:1      | M4edhros the Octopode Artificer began the quest for the Orb.
     0 | D:1      | Reached XP level 1. HP: 13/13 MP: 3/3
    11 | D:1      | Reached skill level 2 in Stealth
    50 | D:1      | Reached XP level 2. HP: 16/18 MP: 4/4
   410 | D:1      | Reached skill level 3 in Stealth
   451 | D:1      | Reached XP level 3. HP: 23/23 MP: 5/5
   835 | D:2      | Found a sacrificial altar of Ru.
   878 | D:2      | Found an iron altar of Okawaru.
   893 | D:2      | Reached skill level 4 in Stealth
   960 | D:2      | Reached XP level 4. HP: 26/28 MP: 6/6
  1108 | D:2      | Found a sparkling altar of Nemelex Xobeh.
  1472 | D:3      | Reached skill level 5 in Stealth
  1544 | D:3      | Found a glowing silver altar of Zin.
  1635 | D:3      | Noticed Ijyb
  1635 | D:3      | Noticed Robin
  1640 | D:3      | HP: 1/28 [goblin/dagger[Robin] (3)]
  1641 | D:3      | Slain by a goblin

Vault maps used:
D:1:      dpeg_arrival_tiny_a
D:2:      nicolae_overflow_crystal_walls, okawaru_ov_weapons_minmay,
          nicolae_ru_sacrificial_ziggurat
D:3:      zin_academy, grunt_temple_overflow_cloverleaf, first_bread,
          uniq_robin, uniq_iyjb

Skill      XL: |  1  2  3  4 |
---------------+-------------+-----
Stealth        | 2 3 4 5 |  5.1
Dodging        | 3 |  3.1
Fighting       | |  1.0
Short Blades   | |  1.0
Evocations     | |  3.2

Action                   |  1- 3 |  4- 6 || total
-------------------------+-------+-------++-------
Melee: Short sword       |    26 |       ||    26
       Dagger            |    24 |    37 ||    61
Evoke: Wand              |       |     5 ||     5
 Stab: Sleeping          |    14 |     3 ||    17
       Distracted        |     1 |       ||     1
  Eat: Chunk             |       |     2 ||     2
